AoeStats
← Camarogo7150

Arena

505722071Analyzed
2v2 RM · 23d ago on Sep 10, 2026· 26m 54s· 4 players
Game mode
Random Map
Map size
Medium (4 player)
Population
200
Speed
Normal
Resources
Standard
Victory
Conquest
Starting age
Dark Age
Ending age
Imperial Age
RankedLock teamsTeams togetherTeam positionsShared explorationLock speedFull tech treeHidden civsTurbo modeCheats
Victory
Defeat
🇮🇳 Britons · India
1131
+17
🇱🇻 Mongols · Latvia
1108
+17
🇨🇱 Lithuanians · Chile
1149
-17
🇨🇱 Armenians · Chile
1145
-17
Camarogo7150
0:50 Loom
12:15 Feudal Age
16:13 Castle Age
14:57 Double-Bit Axe
14:53 Horse Collar
15:05 Gold Mining
15:30 Stone Mining
16:41 Padded Archer Armor
16:32 Fletching
18:10 Leather Archer Armor
19:57 Crossbowman
22:05 Bodkin Arrow
24:16 Ballistics
LowExpectations
8:56 Loom
10:46 Feudal Age
9:02 Loom
12:33 Double-Bit Axe
16:04 Castle Age
14:02 Horse Collar
17:56 Fletching
18:06 Padded Archer Armor
18:29 Bow Saw
20:33 Bodkin Arrow
CumMangu_
12:33 Feudal Age
13:52 Loom
16:25 Castle Age
14:28 Double-Bit Axe
14:49 Gold Mining
14:44 Horse Collar
16:31 Scale Mail Armor
17:57 Bow Saw
18:24 Squires
19:16 Fervor
23:14 Redemption
25:38 Gambesons
25:56 Man-at-Arms
26:22 Arson
27:00 Chain Mail Armor
Salocinl
11:11 Feudal Age
12:42 Double-Bit Axe
15:10 Castle Age
14:57 Bloodlines
15:14 Light Cavalry
19:30 Forging
21:15 Bow Saw
22:10 Scale Barding Armor
22:29 Loom
23:34 Horse Collar
27:09 Husbandry
Connection lost

Rejoining the realm…

Still unreachable

The connection could not be restored.

Session expired

The server has moved on; the page needs a fresh start.